 Dungeon Crawl Stone Soup version 0.31-a0-1074-g0b22e4e0f1 (webtiles) character file.

Game seed: 9802367118620031252

205 Dittersdorf the Shield-Bearer (level 5, -2/34 HPs)
             Began as a Gargoyle Fighter on Nov 28, 2023.
             Slain by an acid dragon (7 damage)
             ... on level 3 of the Dungeon.
             The game lasted 00:02:51 (2637 turns).

Dittersdorf the Shield-Bearer (Gargoyle Fighter)    Turns: 2637, Time: 00:02:52

Health: -2/34      AC:  9    Str: 22    XL:     5   Next: 83%
Magic:  5/5        EV:  9    Int:  8    God:
Gold:   200        SH:  4    Dex:  9    Spells: 4/4 levels left

rFire   + . .        k - +1 whip (elec)
rCold   . . .        c - +0 buckler
rNeg    + . .        g - +0 scale mail {Will+}
rPois   ∞            (no helmet)
rElec   +            q - +1 cloak {Will+}
rCorr   .            (no gloves)
SInv    .            (no boots)
Will    ++...        (no amulet) Stlth
                     e - ring of protection from fire
HPRegen 0.25/turn    (no ring)
MPRegen 0.09/turn

%: no passive effects
@: corroded
A: sickness immunity, AC +4, negative energy resistance 1, electricity
resistance, torment resistance 1, petrification resistance
a: no special abilities


You were on level 3 of the Dungeon.
You visited 1 branch of the dungeon, and saw 4 of its levels.

You collected 200 gold pieces.

Inventory:

Hand Weapons
 a - a +0 flail
 k - a +1 whip of electrocution (weapon)
Armour
 c - a +0 buckler (worn)
 g - a +0 scale mail of willpower (worn)
 q - a +1 cloak of willpower (worn)
Jewellery
 e - a ring of protection from fire (left hand)
Scrolls
 b - a scroll of fear {unknown}
 f - a scroll of enchant weapon {unknown}
 i - 2 scrolls of identify {unknown}
 j - a scroll of fog {unknown}
 l - a scroll of revelation {unknown}
 m - a scroll of blinking {unknown}
Potions
 d - a potion of might
 h - a potion of enlightenment {unknown}
 n - 2 potions of degeneration {unknown}
 o - a potion of heal wounds {unknown}
 p - 4 potions of curing {unknown}
 r - a potion of ambrosia {unknown}


   Skills:
 + Level 4.4 Fighting
 + Level 3.3 Maces & Flails
 + Level 4.4 Armour
 + Level 4.5 Shields


You had 4 spell levels left.
You didn't know any spells.
Your spell library was empty.

Dungeon Overview and Level Annotations

Branches:
Dungeon (4/15)
 Temple: D:4-7

Altars:


Innate Abilities, Weirdness & Mutations

You are immune to sickness and miasma.
Your stone body is resilient. (AC +4)
You are immune to poison.
You resist negative energy. (rN+)
You are resistant to electric shocks. (rElec)
You are resistant to unholy torment.
You are immune to petrification.


Message History

You are too injured to fight recklessly!
You are too injured to fight recklessly!
You are too injured to fight recklessly!
You are too injured to fight recklessly!
You are too injured to fight recklessly!
You are too injured to fight recklessly!
You are too injured to fight recklessly!
You are too injured to fight recklessly!
You are too injured to fight recklessly!
You are too injured to fight recklessly!
You are too injured to fight recklessly!
You are too injured to fight recklessly!
You are too injured to fight recklessly!
You are too injured to fight recklessly!
You are too injured to fight recklessly!
You hit the acid dragon but do no damage.
The acid dragon is moderately wounded.
The acid dragon closely misses you.
The acid dragon claws you but does no damage.
You hit the acid dragon but do no damage.
The acid dragon is moderately wounded.
The acid dragon bites you but does no damage.
The acid dragon claws you but does no damage.
You hit the acid dragon but do no damage.
The acid dragon is lightly wounded.
You block the acid dragon's attack. The acid dragon completely misses you.
You barely miss the acid dragon.
The acid dragon is lightly wounded.
The acid dragon bites you.
* * * LOW HITPOINT WARNING * * *
The acid dragon claws you.
* * * LOW HITPOINT WARNING * * *
You closely miss the acid dragon.
The acid dragon is lightly wounded.
The acid dragon closely misses you. The acid dragon claws you.
* * * LOW HITPOINT WARNING * * *
You hit the acid dragon but do no damage.
The acid dragon is lightly wounded.
The acid dragon bites you!
You die...

#.........#.##
#.........#.##
###.........#...
#######...........####
#...##............+..<
##...##..#.........#...
#....+.............#...
#)...####..........#...
#.####@).............)) #.#
#†D.#.....###.###.
####.####.#..####.....#...
#....#....##..............
###.##.#.#........###.....#.
#...####.#................#.
#......#.#..........##...###
#..###.#.#......###.##)..#
#....#.#.##'##...........# #


You could see an acid dragon.

Vanquished Creatures
  Crazy Yiuf (D:2)
  An orc priest (D:3)
  An iguana (D:3)
  2 adders
  3 worms
  5 dart slugs
  3 orcs (D:3)
  2 bats (D:2)
  7 endoplasms
  4 giant cockroaches
  6 goblins
  7 hobgoblins
  3 jackals (D:2)
  7 quokkas
  8 ball pythons
  6 frilled lizards
  6 kobolds
  6 rats
78 creatures vanquished.

Notes
Turn   | Place    | Note
-------+----------+-------------------------------------------
     0 | D:1      | Dittersdorf the Gargoyle Fighter began the quest for the
                  | Orb.
     0 | D:1      | Reached XP level 1. HP: 14/14 MP: 1/1
    86 | D:1      | Reached XP level 2. HP: 19/19 MP: 2/2
   544 | D:1      | Reached XP level 3. HP: 21/23 MP: 3/3
  1158 | D:2      | Found a faded altar of an unknown god.
  1163 | D:2      | Reached XP level 4. HP: 29/29 MP: 4/4
  1563 | D:2      | Found a runed translucent door.
  1564 | D:2      | Noticed Crazy Yiuf
  1574 | D:2      | Killed Crazy Yiuf
  1725 | D:3      | Reached XP level 5. HP: 18/33 MP: 5/5
  2431 | D:4      | Noticed an orc warrior
  2433 | D:4      | Noticed an acid dragon
  2637 | D:3      | Slain by an acid dragon

Illustrated notes

Levels and vault maps discovered:
D:1:      dpeg_arrival_radiant, layout_rooms
D:2:      minmay_chambers_of_twos, layout_loops_ring,
          shapermc_ecumenical_altar_starsandcircs, minmay_distorted,
          uniq_crazy_yiuf_cottage
D:3:      minmay_recursive_quarters, layout_basic, hangedman_decor_growths,
          minmay_misc_feat_columns
D:4:      layout_basic, mainiacjoe_overflow_paths, minmay_manual_mail

Skill      XL: |  1  2  3  4 |
---------------+-------------+-----
Shields        | 4 |  4.5
Fighting       | 4 |  4.4
Armour         | 4 |  4.4
Maces & Flails | 3 |  3.3

Action                     |  1- 3 |  4- 6 || total
---------------------------+-------+-------++-------
  Melee: Flail             |    74 |       ||    74
         Whip              |    45 |   136 ||   181
 Armour: Scale mail        |    82 |   132 ||   214
  Dodge: Dodged            |    54 |    70 ||   124
  Block: Buckler           |    35 |    29 ||    64

Table legend: (Time is in decaauts)
 A = Elapsed time spent in this place.
 B = Non-inter-level travel time spent in this place.
 C = Inter-level travel time spent in this place.
 D = Time resting spent in this place.
 E = Time spent auto-exploring this place.
 F = Levels seen in this place.
 G = Mean time per level.
                   A        B        C        D        E       F      G
               +--------+--------+--------+--------+--------+-----+--------+
         Total |   2660 |   2489 |    171 |    234 |   1739 |   4 |  665.0 |
       Dungeon |   2660 |   2489 |    171 |    234 |   1739 |   4 |  665.0 |
               +--------+--------+--------+--------+--------+-----+--------+

Top non-repeatable levels by time:
     D:2: 997 daAuts
     D:3: 916 daAuts
     D:1: 731 daAuts
     D:4: 15 daAuts
